Cogmind - Beta 16 @@@ ROGUE MODE // 2026.01.13 @ 19:07:12 Player: Lazz Result: Destroyed by H-71 Marshal with Heavy Mass Driver Performance ------------- Evolutions (5) 2500 Regions Visited (8) 1600 Robots Destroyed (26) 130 Value Destroyed (836) 836 Prototype IDs (9) 180 Alien Tech Used (0) 0 Bonus (959) 959 TOTAL SCORE: 6205 Bonus ------- Follower Combat Kills 180 Registered with UFD 300 Met Optimus in HQ 500 Friendly Fire -21 Cogmind --------- Core Integrity 0/1000 Matter 54/300 Energy 51/100 System Corruption 37% Temperature Cool (4) Movement Walking (120) Location -5/Factory Parts ------- > --- POWER (2) -------- (None) > --- PROPULSION (6) --- Heavy Treads Flexi-carbon Leg Flexi-carbon Leg Wheel > --- UTILITY (5) ------ Improved Sensor Array Advanced Sensor Array Improved Signal Interpreter > --- WEAPON (4) ------- Gauss Rifle Flak Gun Flak Gun Flak Gun > --- INVENTORY (5) ---- Gauss Rifle Flak Gun Scatter Rocket Array Heavy Hammer DRS Beacon (Ready) Peak State ------------ > --- POWER ------------ Deuterium Engine Improved Deuterium Engine > --- PROPULSION ------- Carbon-fiber Leg Armored Leg Armored Leg Armored Leg Armored Leg Thunder Leg > --- UTILITY ---------- High-capacity Storage Unit Matter Filter Hacking Suite Hacking Suite A0-MCA's Component Scanner > --- WEAPON ----------- Improved KE Penetrator Improved KE Penetrator Improved KE Penetrator Flak Cannon > --- INVENTORY -------- Deuterium Engine Advanced Treads Advanced Treads Overtuned Scrapsphere Overtuned Scrapsphere Advanced Heat Sink Subdweller Optics Advanced Targeting Computer Advanced Recoil Stabilizer Improved Propulsion Shielding Layered Medium Armor Plating Beamcaster Improved KE Penetrator Improved KE Penetrator Improved KE Penetrator Improved KE Penetrator Mass Driver CPS Tube Heavy Mace DRS Beacon [Rating: 89] Favorites ----------- Power Improved Deuterium Engine Engine Improved Deuterium Engine Power Core Light Nuclear Core Propulsion Wheel Treads Heavy Treads Leg Armored Leg Wheel Wheel Hover Unit Antigrav Array Flight Unit VTOL Module Utility High-capacity Storage Unit Device Matter Filter Storage High-capacity Storage Unit Processor Signal Interpreter Hackware Hacking Suite Protection Power Shielding Weapon Beamcaster Energy Gun Beamcaster Energy Cannon Subdweller Beam Cannon Ballistic Gun Improved KE Penetrator Ballistic Cannon Mass Driver Launcher Shock Bomb Launcher Impact Weapon Heavy Hammer Build | -11 -10 -10 -10 -8 -6 -5 -5 -5 ------- Run | Yrd Mat Min Sub Scr Fac Fac Was Fac Slots Evolved 10 | . . . . . 8 2 . . Power 1 | . . . . . 1 . . . Propulsion 4 | . . . . . 4 . . . Utility 3 | . . . . . 2 1 . . Weapon 2 | . . . . . 1 1 . . Parts Attached 83 | 6 2 1 5 5 14 13 6 31 Power 11 | 1 . . 1 3 1 3 1 1 Engine 8 | 1 . . 1 3 1 1 1 . Core 3 | . . . . . . 2 . 1 Reactor . | . . . . . . . . . Propulsion 24 | 2 . . 1 1 4 5 1 10 Treads 1 | . . . . . . . . 1 Leg 9 | . . . . . 1 5 . 3 Wheel 9 | 2 . . 1 1 3 . . 2 Hover 1 | . . . . . . . 1 . Flight 4 | . . . . . . . . 4 Utility 19 | 1 2 1 . 1 5 1 . 8 Device 8 | . . . . . 2 1 . 5 Storage 3 | 1 1 . . . . . . 1 Processor 3 | . . 1 . 1 . . . 1 Hackware 2 | . . . . . 2 . . . Protection 3 | . 1 . . . 1 . . 1 Artifact . | . . . . . . . . . Weapon 29 | 2 . . 3 . 4 4 4 12 Energy Gun 5 | 2 . . 2 . . . . 1 Energy Cannon 2 | . . . 1 . 1 . . . Ballistic Gun 14 | . . . . . 1 3 4 6 Ballistic Cannon 2 | . . . . . 1 1 . . Launcher 2 | . . . . . 1 . . 1 Special Weapon . | . . . . . . . . . Impact Weapon 4 | . . . . . . . . 4 Slashing Weapon . | . . . . . . . . . Piercing Weapon . | . . . . . . . . . Special Melee Weapon . | . . . . . . . . . Unidentified Prototypes . | . . . . . . . . . Corrupted Parts 3 | . . . . 2 . . 1 . System Corruption 16 | . . . . 6 . . 10 . Parts Lost 35 | . . . 4 . . 4 10 17 Power 4 | . . . 1 . . 2 . 1 Propulsion 13 | . . . 1 . . 1 4 7 Utility 7 | . . . . . . . 1 6 Weapon 11 | . . . 2 . . 1 5 3 Highest Loss Streak 8 | . . . 4 . . 4 8 7 To Critical Strikes 2 | . . . . . . . 2 . Average Backups 12 | . 5 8 12 13 17 18 12 2 Power 1 | . . 1 2 2 1 1 . . Propulsion 2 | . 1 2 2 2 5 4 2 . Utility 3 | . . 1 2 3 4 6 4 . Weapon 4 | . 3 4 4 4 5 5 3 1 Tool/Special . | . . . . . . . . . Unused Backups 20 | . . 1 1 4 . 2 11 1 Power 2 | . . . . 1 . . 1 . Propulsion 2 | . . . . . . . 2 . Utility 10 | . . 1 1 . . 1 7 . Weapon 5 | . . . . 3 . 1 . 1 Tool/Special 1 | . . . . . . . 1 . Average Slot Usage (%) 90 | . 99 100 96 100 98 97 61 40 Engine 11 | . 14 14 13 14 12 10 3 . Leg 4 | . . . . . 5 32 17 2 Wheel 21 | . 28 28 27 28 32 1 2 . Device 1 | . . . . . 4 4 2 6 Storage 10 | . 14 14 14 14 6 5 3 3 Processor 9 | . . 2 14 14 6 5 3 1 Hackware 2 | . . . . . 3 11 9 2 Protection 2 | . 12 11 . . 3 . . 1 Energy Gun 13 | . 28 28 23 14 6 2 . 2 Energy Cannon 6 | . . . 2 14 2 . . . Ballistic Gun 2 | . . . . . 4 10 15 2 Peak Build Rating 89 | 6 7 8 16 28 60 89 85 52 Average Rating 29 | 4 6 7 11 19 55 81 59 32 On Entrance 24 | . 6 7 7 15 28 59 76 21 Avg Prop Armor Cover (%) 8 | . . . . . 9 13 18 5 Naked Turns . | . . . . . . . . . Heaviest Build 89 | 12 48 48 58 63 89 88 76 18 Greatest Support 102 | 32 32 32 32 26 56 102 87 70 Greatest Overweight (x) 8 | . 1 1 2 3 8 3 4 3 Average Overweight (x) 1 | . . 1 1 2 2 . . . Largest Inventory Capacity 20 | 8 20 20 20 20 20 20 20 5 Average Capacity 18 | 6 19 20 20 20 20 20 15 5 Most Carried 20 | 1 8 9 20 20 20 20 19 5 Average Carried 15 | . 5 8 18 19 18 19 13 4 Final Capacity 20 | 8 20 20 20 20 20 20 5 5 Final Carried 20 | 1 8 8 19 20 20 20 5 5 Class Distribution -------------------- 41% | Scavenger-Mutant 35% | Mutant 12% | Hacker-Gunner 4% | Derelict-Tank 3% | Derelict-Gunner Dominant Class ---------------- Mutant | -10/Materials Mutant | -10/Mines Mutant | -10/Subcaves Scavenger-Mutant | -8/Scraptown Derelict-Tank | -6/Factory Hacker-Gunner | -5/Factory Hacker-Gunner | -5/Waste Mutant | -5/Factory Resources | -11 -10 -10 -10 -8 -6 -5 -5 -5 ----------- Run | Yrd Mat Min Sub Scr Fac Fac Was Fac Matter Collected 1477 | 252 . 52 76 50 229 197 266 355 Remotely 211 | . . . . . . . . 211 Salvage Created 1071 | . 114 . 120 . 357 92 223 165 Parts 57 | . 12 . 4 . 15 1 4 21 Haulers Intercepted 1 | . 1 . . . . . . . Recyclers Shooed . | . . . . . . . . . Parts Field Recycled . | . . . . . . . . . Retrieved Matter . | . . . . . . . . . Parts Self-Destructed 5 | . . . 5 . . . . . Prevented . | . . . . . . . . . Parts Restored . | . . . . . . . . . Kills | -11 -10 -10 -10 -8 -6 -5 -5 -5 ------- Run | Yrd Mat Min Sub Scr Fac Fac Was Fac Combat Hostiles Destroyed 21 | . 3 . 3 . 8 1 1 5 Guns 15 | . 3 . 3 . 4 . 1 4 Cannons 2 | . . . . . 1 1 . . AOE 4 | . . . . . 3 . . 1 Classes Destroyed 11 | . 3 . 2 . 1 2 1 2 Worker 2 | . . . . . . . . 2 Builder 1 | . 1 . . . . . . . Tunneler 1 | . . . . . . 1 . . Hauler 1 | . 1 . . . . . . . Swarmer 10 | . 3 . . . 4 . . 3 Grunt 4 | . . . 1 . 3 . . . Brawler 1 | . . . . . 1 . . . Sentry 1 | . . . . . . 1 . . Hunter 2 | . . . . . . . . 2 Compactor 1 | . . . . . . . 1 . Subdweller 2 | . . . 2 . . . . . Best Kill Streak 4 | . 3 . 1 . 4 1 1 3 Combat Bots Only 4 | . 3 . 1 . 4 1 1 2 Max Kills in Single Turn 2 | . 1 . 1 . 2 1 1 2 Gunslinging . | . . . . . . . . . Exploded 1 | . . . . . 1 . . 1 Melee . | . . . . . . . . . Uniques/NPCs Destroyed . | . . . . . . . . . Combat | -11 -10 -10 -10 -8 -6 -5 -5 -5 -------- Run | Yrd Mat Min Sub Scr Fac Fac Was Fac Hostile Shots Fired 352 | . 20 12 28 . 30 97 7 158 Missed 100 | . 8 5 12 . 13 26 . 36 Hits 252 | . 12 7 16 . 17 71 7 122 Melee 7 | . . . . . . . 7 . Projectile 245 | . 12 7 16 . 17 71 . 122 Critical Strikes 15 | . . . 2 . 3 4 2 4 Damage Taken 4713 | . 94 79 330 . 318 1174 359 2359 Core 1187 | . 27 37 80 . 32 148 96 767 Absorbed by Shields 45 | . . . . . . . . 45 Redirected to Shielding 5 | . 5 . . . . . . . Core Remaining (%) 79 | 100 . . . 42 96 . . . Volleys Fired 102 | 1 8 3 26 . 15 10 24 15 Largest 4 | 2 2 2 2 . 3 4 4 4 Hottest 235 | 80 80 80 155 . 235 136 132 114 Shots Fired 264 | 2 17 6 36 1 40 39 88 35 Gun 234 | 2 17 6 32 1 24 30 88 34 Cannon 20 | . . . 4 . 7 9 . . Launcher 10 | . . . . . 9 . . 1 Special . | . . . . . . . . . Kinetic 165 | . . . . . 12 39 88 26 Thermal 46 | . . . 20 1 19 . . 6 Explosive . | . . . . . . . . . Electromagnetic 53 | 2 17 6 16 . 9 . . 3 Robot Hit Streak 11 | 1 4 8 11 2 5 8 6 5 Robot Miss Streak 12 | 1 6 . 3 . 6 7 3 12 Penetration Max 1 | . . . . . . 1 . . Secondary Targets 2 | . 1 . . . . . . 1 Max Gunslinging Chain 1 | . 1 . . . . . . 1 Shots Hit Robots 168 | 1 7 6 25 1 17 24 57 30 Core Hits 65 | . 5 2 6 . 17 12 8 15 Critical Kills 1 | . . . . . . 1 . . Critical Parts Destroyed 5 | . . . . . . 2 2 1 Critical Strikes 15 | . . . 1 . . 4 9 1 Burn 1 | . . . 1 . . . . . Destroy 13 | . . . . . . 4 9 . Smash 1 | . . . . . . . . 1 Melee Attacks 22 | . . . . . . . . 22 Impact 22 | . . . . . . . . 22 Slashing . | . . . . . . . . . Piercing . | . . . . . . . . . Sneak Attacks . | . . . . . . . . . Combat Hostiles . | . . . . . . . . . Follow-up Attacks . | . . . . . . . . . Damage Inflicted 4094 | 12 95 77 395 21 602 615 1637 640 Guns 3170 | 12 85 77 395 21 224 476 1637 243 Cannons 223 | . . . . . 84 139 . . Explosions 472 | . . . . . 294 . . 178 Melee 219 | . . . . . . . . 219 Ramming 10 | . 10 . . . . . . . Kinetic 2517 | . . . . . 106 615 1637 159 Thermal 519 | . . . 233 21 202 . . 63 Explosive 178 | . . . . . . . . 178 Electromagnetic 651 | 12 85 77 162 . 294 . . 21 Impact 219 | . . . . . . . . 219 Slashing . | . . . . . . . . . Piercing . | . . . . . . . . . Highest Corruption 40 | . 3 3 3 9 1 1 40 40 Average Corruption 10 | . 2 3 3 3 1 1 15 39 Corruption Purged 3 | . . . . . . . . 3 Corruption Blocked . | . . . . . . . . . Effects 72 | . 4 5 11 1 2 2 17 30 Message Errors 14 | . 1 1 3 . . . 2 7 Matter Fused 23 | . 1 3 3 . 1 . 6 9 Heat Flow Errors 4 | . . . 1 . . 1 1 1 Energy Discharges 7 | . 1 . 1 . 1 . 2 2 Parts Rejected 1 | . . . . . . . 1 . Parts Fused 1 | . . . . . . 1 . . Data Loss (minor) 7 | . . 1 2 . . . . 4 Data Loss (major) 1 | . . . . . . . 1 . Misfires 2 | . 1 . . 1 . . . . Alerts 1 | . . . . . . . . 1 Misdirections 6 | . . . . . . . 2 4 Weapon Failures 5 | . . . 1 . . . 2 2 Overload Shots . | . . . . . . . . . Overflow Damage 90 | . . . . . . 2 . 88 Projectiles 2 | . . . . . . 2 . . Explosions 41 | . . . . . . . . 41 Melee 47 | . . . . . . . . 47 Knockbacks 4 | . . . . . . 3 . 1 Impact 1 | . . . . . . . . 1 Kinetic 3 | . . . . . . 3 . . Secondary . | . . . . . . . . . Self-Inflicted Damage 228 | . 5 . . . 16 . . 207 Shots 4 | . . . . . 1 . . 3 Rammed 1 | . 1 . . . . . . . Targets Rammed 1 | . 1 . . . . . . . Kicked . | . . . . . . . . . Crushed . | . . . . . . . . . Highest Temperature 461 | 18 108 48 183 34 461 231 273 174 Average Temperature 118 | 12 46 28 67 21 209 105 90 59 Received Heat Transfer 474 | . . 45 51 . 162 81 9 126 Effects 13 | . . . . . 12 . 1 . Shutdowns 3 | . . . . . 3 . . . Energy Bleed 2 | . . . . . 1 . 1 . Interference 8 | . . . . . 8 . . . Siege Activations . | . . . . . . . . . Martial Activations . | . . . . . . . . . Shielding Activations . | . . . . . . . . . Robots Disrupted . | . . . . . . . . . Combat Hostiles . | . . . . . . . . . Robots Corrupted . | . . . . . . . . . Combat Hostiles . | . . . . . . . . . Parts Fried . | . . . . . . . . . Impact Corruptions 2 | . . . . . . . . 2 Robots Melted . | . . . . . . . . . Combat Hostiles . | . . . . . . . . . Parts Melted 1 | . . . 1 . . . . . Heat Transferred 963 | . . . 481 25 346 . . 111 Parts Sabotaged . | . . . . . . . . . Parts Stolen . | . . . . . . . . . Parts Stripped . | . . . . . . . . . Power Chain Reactions 1 | . . . . . 1 . . . Alert | -11 -10 -10 -10 -8 -6 -5 -5 -5 ------- Run | Yrd Mat Min Sub Scr Fac Fac Was Fac Maximum Alert Level . | . . . . . . . . . Low Security (%) 100 | 100 100 100 . . 100 100 100 100 Level 1 . | . . . . . . . . . Level 2 . | . . . . . . . . . Level 3 . | . . . . . . . . . Level 4 . | . . . . . . . . . Level 5 . | . . . . . . . . . High Security . | . . . . . . . . . Max Security . | . . . . . . . . . Peak Influence 162 | . 60 56 . . 162 46 2 147 Initial 46 | . . 10 . . . 46 . . Average 29 | . 13 8 . . 81 8 . 38 Influence Increases 888 | . 82 56 20 . 263 38 10 419 Destroy 0b10 Robot/C 400 | . 60 40 20 . 160 20 . 100 Destroy 0b10 Robot/NC 20 | . 10 . . . . . . 10 Destroy Leader 72 | . 12 10 . . 20 10 . 20 Allied During Kill 6 | . . 6 . . . . . . Disable Machine 90 | . . . . . 30 . . 60 Destroy Structure 150 | . . . . . 8 8 10 124 Lose Combat Pursuer 150 | . . . . . 45 . . 105 Influence Decreases 741 | . 55 47 56 . 167 134 10 272 Entered New Map 87 | . . 17 20 . . 50 . . Time Decay 501 | . 55 30 36 . 167 78 8 127 Lost Part 147 | . . . . . . 2 . 145 Lost Ally 6 | . . . . . . 4 2 . Squads Dispatched 8 | . . . . . . 6 . 2 Investigation 2 | . . . . . . 2 . . Extermination 2 | . . . . . . 1 . 1 Reinforcement 1 | . . . . . . . . 1 Assault 2 | . . . . . . 2 . . Garrison 1 | . . . . . . 1 . . Intercept . | . . . . . . . . . Searches Triggered . | . . . . . . . . . Construction Impeded . | . . . . . . . . . Haulers Reinforced . | . . . . . . . . . Active Scanning Responses . | . . . . . . . . . Cargo Convoy Interrupts . | . . . . . . . . . Stealth | -11 -10 -10 -10 -8 -6 -5 -5 -5 --------- Run | Yrd Mat Min Sub Scr Fac Fac Was Fac Distress Signals 1 | . . . . . . 1 . . Communications Jammed . | . . . . . . . . . Distress Signals . | . . . . . . . . . Times Spotted 48 | . 4 2 5 . 11 8 5 13 Peak Tracking Total 8 | . 3 2 2 . 4 8 2 5 Tactical Retreats 7 | . . . . . 2 . 1 4 Traps | -11 -10 -10 -10 -8 -6 -5 -5 -5 ------- Run | Yrd Mat Min Sub Scr Fac Fac Was Fac Traps Triggered 7 | . 2 . . . . 3 . 2 Indirectly . | . . . . . . . . . Trap Hack Attempts . | . . . . . . . . . Triggered . | . . . . . . . . . Disarmed . | . . . . . . . . . Reprogrammed . | . . . . . . . . . Reused . | . . . . . . . . . Traps Extracted . | . . . . . . . . . Installed . | . . . . . . . . . Triggered . | . . . . . . . . . Machines | -11 -10 -10 -10 -8 -6 -5 -5 -5 ---------- Run | Yrd Mat Min Sub Scr Fac Fac Was Fac Machines Disabled 6 | . . . . . 2 . . 4 Max in Single Turn 1 | . . . . . 1 . . 1 Garrison Access 2 | . . . . . 1 1 . . Machines Repaired . | . . . . . . . . . Machines Dismantled . | . . . . . . . . . Machines Sabotaged . | . . . . . . . . . Overloaded Fab Kills . | . . . . . . . . . Hacking | -11 -10 -10 -10 -8 -6 -5 -5 -5 --------- Run | Yrd Mat Min Sub Scr Fac Fac Was Fac Machines Accessed 5 | . . . . 1 2 2 . . Terminals . | . . . . . . . . . Fabricators 1 | . . . . . . 1 . . Repair Stations . | . . . . . . . . . Recycling Units 1 | . . . . . 1 . . . Scanalyzers . | . . . . . . . . . Garrison Access 2 | . . . . . 1 1 . . Total Hacks 12 | . . . . 6 3 3 . . Successful 9 | . . . . 6 2 1 . . Failed 3 | . . . . . 1 2 . . Catastrophic . | . . . . . . . . . Database Lockouts . | . . . . . . . . . Manual 2 | . . . . . . 2 . . Terminals . | . . . . . . . . . Fabricators 1 | . . . . . . 1 . . Repair Stations . | . . . . . . . . . Recycling Units 1 | . . . . . 1 . . . Scanalyzers . | . . . . . . . . . Garrison Access 4 | . . . . . 2 2 . . Terminal Hacks 6 | . . . . 6 . . . . Robot Analysis 6 | . . . . 6 . . . . Fabricator Hacks 1 | . . . . . . 1 . . Build 1 | . . . . . . 1 . . Repair Station Hacks . | . . . . . . . . . Recycling Unit Hacks 1 | . . . . . 1 . . . Retrieve Components 1 | . . . . . 1 . . . Scanalyzer . | . . . . . . . . . Garrison Access Hacks 1 | . . . . . 1 . . . Seal Access 1 | . . . . . 1 . . . Unauthorized Hacks . | . . . . . . . . . Terminals . | . . . . . . . . . Fabricators . | . . . . . . . . . Repair Stations . | . . . . . . . . . Recycling Units . | . . . . . . . . . Scanalyzers . | . . . . . . . . . Garrison Access . | . . . . . . . . . Data Cores Recovered . | . . . . . . . . . Used . | . . . . . . . . . Hacking Detections 2 | . . . . . 1 1 . . Full Trace Events 1 | . . . . . . 1 . . Feedback Events . | . . . . . . . . . Feedback Blocked . | . . . . . . . . . Robot Schematics Acquired . | . . . . . . . . . Robots Built 2 | . . . . . . 2 . . Authchips . | . . . . . . . . . Time 81 | . . . . . . 81 . . Total Robot Build Rating 2 | . . . . . . 2 . . Part Schematics Acquired . | . . . . . . . . . Parts Built . | . . . . . . . . . Authchips . | . . . . . . . . . Time . | . . . . . . . . . Total Part Build Rating . | . . . . . . . . . Part Studies Acquired . | . . . . . . . . . Parts Repaired . | . . . . . . . . . Time . | . . . . . . . . . Parts Recycled . | . . . . . . . . . Recycled Matter . | . . . . . . . . . Retrieved Matter . | . . . . . . . . . Retrieved Components 9 | . . . . . 9 . . . Parts Scanalyzed . | . . . . . . . . . Part Schematics Acquired . | . . . . . . . . . Parts Damaged . | . . . . . . . . . Bothacking | -11 -10 -10 -10 -8 -6 -5 -5 -5 ------------ Run | Yrd Mat Min Sub Scr Fac Fac Was Fac Used RIF Installer . | . . . . . . . . . Robots Hacked . | . . . . . . . . . Non-combat . | . . . . . . . . . Combat . | . . . . . . . . . Robot Hacks Applied . | . . . . . . . . . Relay Couplers Released 3 | . . . . . . 3 . . Machine Destruction 3 | . . . . . . 3 . . Fabnet Peak Effective % . | . . . . . . . . . Robots Rewired . | . . . . . . . . . Allies Hacked . | . . . . . . . . . Hacks Repelled . | . . . . . . . . . Allies | -11 -10 -10 -10 -8 -6 -5 -5 -5 -------- Run | Yrd Mat Min Sub Scr Fac Fac Was Fac Total Allies 5 | . . 2 . . . 2 1 . Largest Group 2 | . . 2 2 1 . 2 1 . Highest-Rated Group 50 | . . 50 50 19 . 20 31 . Highest-Rated Ally 31 | . . 31 31 19 . 10 31 . Total Orders . | . . . . . . . . . Ally Attacks 36 | . . 3 10 . . . 23 . Total Damage 636 | . . 43 220 . . . 373 . Kills 6 | . . 2 3 . . . 1 . Allies Corrupted . | . . . . . . . . . Allies Melted . | . . . . . . . . . Intel | -11 -10 -10 -10 -8 -6 -5 -5 -5 ------- Run | Yrd Mat Min Sub Scr Fac Fac Was Fac Active Infowar (turns) 276 | . . . . . 220 . . 56 Optics 220 | . . . . . 220 . . . Sensors 56 | . . . . . . . . 56 Robot Analysis Total 6 | . . . . 6 . . . . Derelict Logs Recovered 7 | . . 2 1 4 . . . . Drone Launches . | . . . . . . . . . Drone Recoveries . | . . . . . . . . . Exploration | -11 -10 -10 -10 -8 -6 -5 -5 -5 ------------- Run | Yrd Mat Min Sub Scr Fac Fac Was Fac Turns Passed 4643 | 48 263 265 639 1849 439 435 231 474 Spaces Moved 3547 | 35 199 213 447 1484 281 264 165 459 Core 94 | 1 . . . . . . 86 7 Treads 6 | . . . . . . . . 6 Legs 329 | . . . . . . 250 31 48 Wheels 2696 | 34 199 213 447 1484 281 14 17 7 Hover 124 | . . . . . . . 31 93 Flight 298 | . . . . . . . . 298 Fastest Speed 26 | 50 100 115 105 110 94 120 50 26 Average Speed 109 | 98 114 115 113 122 121 120 77 59 Slowest Speed 250 | 100 115 115 120 125 200 125 250 200 Overloaded Moves . | . . . . . . . . . Propulsion Burnouts . | . . . . . . . . . Robots Hopped 2 | . . . . . . . . 2 Potential Cave-ins . | . . . . . . . . . Cave-ins Triggered . | . . . . . . . . . Exploration Rate (%) 32 | 3 34 37 33 84 6 8 72 15 Regions Visited 8 Branch Regions 3 Pre-discovered Areas 2 | . . 1 . 1 . . . . Known Exits Taken 2 | . . 1 1 . . . . . Unknown Exits Taken 4 | 1 1 . . 1 1 . . . Scrap Searched 13 | . . 1 2 10 . . . . Spaces Dug 33 | . . . . . . . . 33 Terrain Destroyed 93 | . . . 1 . 11 4 8 69 Melee 7 | . . . . . . . . 7 Projectile 15 | . . . 1 . 2 4 8 . AOE 71 | . . . . . 9 . . 62 Terrain Rammed . | . . . . . . . . . Walls Destroyed . | . . . . . . . . . Machines Disabled . | . . . . . . . . . Actions | -11 -10 -10 -10 -8 -6 -5 -5 -5 --------- Run | Yrd Mat Min Sub Scr Fac Fac Was Fac Total 4065 | 43 218 227 548 1523 348 366 207 585 Wait 175 | 1 . 9 48 . 27 47 1 42 Move 3536 | 34 198 212 446 1483 280 264 164 455 Hop 2 | . . . . . . . . 2 Pick Up 70 | 1 7 1 18 17 9 10 4 3 Fast Attach 50 | 6 2 . 1 1 2 4 6 28 Attach 30 | . . . 3 1 7 7 7 5 Detach 6 | . 1 . . . . 3 . 2 Swap 17 | . . 1 1 3 5 5 . 2 Drop 48 | . 1 1 5 18 3 16 1 3 Fire 102 | 1 8 3 26 . 15 10 24 15 Melee 20 | . . . . . . . . 20 Ram 1 | . 1 . . . . . . . Kick . | . . . . . . . . . Crush . | . . . . . . . . . Escape Stasis 8 | . . . . . . . . 8 Rewire . | . . . . . . . . . Trap . | . . . . . . . . . Miscellaneous . | . . . . . . . . . Route ------- -11/Scrapyard -10/Materials (discovered 2 exits: [*Min x2]) -10/Mines (discovered 3 exits: *Mat x2 / *Sub) -10/Subcaves -8/Scraptown (discovered 2 exits: *Fac x2) -6/Factory -5/Factory -5/Waste -5/Factory History --------- Turn | Location | Event 17 | -11/Scrapyard | Discovered new exit (range 15) 49 | -11/Scrapyard | Entered Materials 171 | -10/Materials | Discovered new exit (range 11) 218 | -10/Materials | Discovered new exit (range 14) 311 | -10/Materials | Build established: Mutant 312 | -10/Materials | Entered Mines 370 | -10/Mines | Learned location of Zion (-7) 521 | -10/Mines | Discovered new exit (range 8) 522 | -10/Mines | Discovered new exit (range 11) 540 | -10/Mines | Identified exit to Materials 552 | -10/Mines | Discovered new exit (range 9) 571 | -10/Mines | Identified exit to Subcaves 577 | -10/Mines | Entered Subcaves 577 | -10/Subcaves | Accompanied by 2 allies 578 | -10/Subcaves | Ambushed by Subdwellers from Twisted Machinery 578 | -10/Subcaves | Approached by a straggling Scientist 582 | -10/Subcaves | Led the pair of lost Derelicts to an unsafe place 718 | -10/Subcaves | Disturbed a concealed Subdweller 862 | -10/Subcaves | Learned Materials stockpile data 990 | -10/Subcaves | Core integrity fell below 50% 1022 | -10/Subcaves | Lost 4 parts (1p1n2w) 1214 | -10/Subcaves | Identified exit to Scraptown 1216 | -10/Subcaves | Entered Scraptown 1216 | -8/Scraptown | Accompanied by 1 ally 1249 | -8/Scraptown | System corruption cleaned by C-Scrubber 1527 | -8/Scraptown | Visited CPS Storage 1544 | -8/Scraptown | Build established: Scavenger-Mutant 1815 | -8/Scraptown | Visited The Evicted 1831 | -8/Scraptown | Visited Bundlers 1916 | -8/Scraptown | Visited Comm Corps 2035 | -8/Scraptown | Scanned Subdweller tech in exchange for log data 2043 | -8/Scraptown | Learned Research trap positions 2044 | -8/Scraptown | Learned Factory emergency access door positions 2045 | -8/Scraptown | Learned location of 1 exit from Research 2091 | -8/Scraptown | Visited Spacefarers 2286 | -8/Scraptown | Discovered new exit (range 9) 2359 | -8/Scraptown | Visited Cyclists 2398 | -8/Scraptown | Visited Awakened 2575 | -8/Scraptown | Visited UFD Registry 2575 | -8/Scraptown | Registered with UFD as "Zeroshell" 2606 | -8/Scraptown | Visited Analyses Database 2636 | -8/Scraptown | Visited Curators Association 2837 | -8/Scraptown | Visited Derelict Rescue Squad 2851 | -8/Scraptown | Found DRS Beacon 2860 | -8/Scraptown | Found DRS Beacon 2882 | -8/Scraptown | Visited A0-MCA Data Center 2889 | -8/Scraptown | Given a C rating by A0-MCA 2892 | -8/Scraptown | Found A0-MCA's Component Scanner 2916 | -8/Scraptown | Visited DA-N13 Charitable Foundation 2928 | -8/Scraptown | Found DCF Scrap (29 items) 3000 | -8/Scraptown | Met Optimus 3000 | -8/Scraptown | Accepted into 0bPrime 3063 | -8/Scraptown | Discovered new exit (range 3) 3065 | -8/Scraptown | Entered Factory 3065 | -6/Factory | Evolved 8 slots: Power x1, Propulsion x4, Utility x2, Weapon x1 3471 | -6/Factory | Discovered new exit (range 3) 3504 | -6/Factory | Entered another Factory area 3504 | -5/Factory | Evolved 2 slots: Utility x1, Weapon x1 3821 | -5/Factory | Fabricated T-07 Excavator? 3826 | -5/Factory | Build established: Hacker-Gunner 3922 | -5/Factory | Garrison activated, responded to threat 3935 | -5/Factory | Spotted B-75 Beast 3939 | -5/Factory | Sucked down chute 3939 | -5/Factory | Entered Waste 3940 | -5/Waste | Met a frightened Derelict 3953 | -5/Waste | Spotted C-40 Crusher 3954 | -5/Waste | EMP discharged 3954 | -5/Waste | System corruption reached 10% 3965 | -5/Waste | Lost 4 parts (2p1n1w) 3974 | -5/Waste | Allies destroyed C-40 Crusher 3975 | -5/Waste | Spotted C-40 Crusher 4010 | -5/Waste | Crushed by Compactor (1 part destroyed, 2 dropped) 4013 | -5/Waste | Crushed by Compactor (1 part destroyed, 2 dropped) 4013 | -5/Waste | Destroyed C-40 Crusher 4018 | -5/Waste | Spotted C-40 Crusher 4045 | -5/Waste | Spotted C-40 Crusher 4052 | -5/Waste | Spotted C-40 Crusher 4054 | -5/Waste | EMP discharged 4093 | -5/Waste | Crushed by Compactor (1 part destroyed, 1 dropped) 4096 | -5/Waste | Crushed by Compactor (1 part destroyed, 2 dropped) 4099 | -5/Waste | Crushed by Compactor (1 part destroyed, 2 dropped) 4102 | -5/Waste | Crushed by Compactor (1 part destroyed, 2 dropped) 4107 | -5/Waste | Crushed by Compactor (1 part destroyed, 2 dropped) 4125 | -5/Waste | Spotted C-40 Crusher 4138 | -5/Waste | Lost 8 parts (4n1u3w) 4151 | -5/Waste | System corruption reached 30% 4154 | -5/Waste | EMP discharged 4162 | -5/Waste | Discovered new exit (range 12) 4170 | -5/Waste | Entered Factory 4394 | -5/Factory | Core integrity fell below 50% 4418 | -5/Factory | Lost 7 parts (2n3u2w) 4518 | -5/Factory | Found Prototype Launcher 4583 | -5/Factory | Lost 5 parts (1p2n2u) 4619 | -5/Factory | Core integrity fell below 20% 4644 | -5/Factory | Destroyed by H-71 Marshal with Heavy Mass Driver Last Messages --------------- 04628_ K-01 Serf collects debris. 04629_ R-10 Processor collects Hvy. Assault Rifle. 04630_ Penetrated by Slug. 04630_ Acquired 34 matter. 04632_ K-01 Serf collects debris. 04633_ Nuclear Reactor explodes. 04633_ H-66 Slayer destroyed. 04633_ Destroyed Lgt. Ion Engine. 04633_ K-01 Serf destroyed. 04633_ Knocked back. 04633_ R-10 Processor collects Phase Shifter. 04636_ ALERT: Cargo convoy en route, clear transfer corridor. 04636_ Acquired Flexi-carbon Leg. 04637_ R-10 Processor collects Wheel. 04638_ R-10 Processor collects Med. Matter Pod. 04639_ Acquired Flexi-carbon Leg. 04642_ K-01 Serf collects debris. 04642_ R-10 Processor collects Gauss Rifle. Map ----- +----------------------------------------------------+ | ?????###########"# ##????????????????# #???????? | | ?????# = [# #?????????????????#+#???????? | | ?????# # #???????????????????????????? | | ?????# """""" # #???????????????????????????? | | ?????? """""" # #???????????????????????????? | | ?????? """""" % # #???????????????????????????? | | ?????# """""" + +???????????????????????????? | | ?????# " #???????????????????????????? | | ########+########" ###?????????????????????????? | | ! # #?????????????????????????? | | ] # #? ???????????????????????? | | # #? ???????????????????????? | | "" """ """ """ + H #? ???????????????????????? | | "" """ """ """ # ## ##?????????????????????? | | "" """ """ """ # # #?????????????????????? | | # t# #?????????????????????? | | ################# +?????????????????????? | | ####### #?????????????????????? | | T R #?????????????????????? | | #########?????????????? | | """"""""" ??????????????? | | #???????????????? | | """"""""" #???????????????? | | ##### #???????????????? | | """"""""" # [ #???????????????? | | # """ @= #???????????????? | | + """ [% #???????????????? | | ###### # """ R #???????????????? | | #????# # R #???????????????? | | #????# ##### #???????????????? | | ########+####### #???????????????? | | # #### #### # #???????????????? | | # #??# """"""""" #??#### #???????????????? | | # #??#! #?????# #???????????????? | | # #??# """"""""" #?????#!! #???????????????? | | # #??# #?????#!! #???????????????? | | # #??# """"""""" #?????# k #???????????????? | | #/#### ####### #???????????????? | | # ?""""""""" + [ #???????????????? | | #?? ########## #???????????????? | | # """"""""" #????????# #???????????????? | | #??? #????????# #???????????????? | | ######???/##########????????#+## #???????????????? | | ???????????????????????????? ?? #???????????????? | | ???????????????????????????? [?? ???????????????? | | ???????????????????????????? ?? ##??????????????? | | ???????????????????????????? ?? #???????????????? | | ???????????????????????????? ???#???????????????? | | ???????????????????????????? ???????????????????? | | ?????????????????????????????????????????????????? | +----------------------------------------------------+ Best States ------------- Heat Dissipation 59 Energy Generation 25 Energy Capacity 465 Matter Stores 332 Matter Capacity 450 Sight Range 21 Robot Scan Range 16 Terrain Scan Density 10 Armor Coverage 225 Power Shielding 33 Evasion (%) 70 Recoil Reduction 2 Matter Filtering 30 Offensive Hacking 20 Item Schematics ----------------- None Robot Schematics ------------------ None Fabricated ------------ T-07 Excavator | x2 | -5/Factory | Preloaded Repaired ---------- Nothing Studied --------- None Alien Tech Used ----------------- None Achievements -------------- None Challenges ------------ None Game ------ Seed SapperMagneticFragment Manual? 0 Play Time 00:43:51 Cumulative 125.8 hours Start 2026.01.13 @ 17:04:18 End 2026.01.13 @ 19:07:12 Sessions 5 Manual Loads 0 Difficulty Rogue Special Mode None Game No. 179 Rogue 179 Adventurer 0 Explorer 0 Win Type - Total 1 Types 1/0/0/0/0/0/0/0/0/0 Lore% 62 Gallery% 57 Achievement% 42 Wizard Run 0 Options --------- Layout 2 ASCII 0 Keyboard 0 Movement Vi Keybinds 0 Fullscreen 1 Font 16/SmallcapsGlow Map View 50x44 Zoom Use 0% Tactical HUD 1 Map Filters NONE Filters NONE Steam SD RUN: 13fb985e-898d-4489-8250-c355681e29d5